 Dungeon Crawl Stone Soup version 0.17-a0-1368-g6ab37f2 (webtiles) character file.

100 Kisielow the Chopper (level 4, -4/40 HPs)
             Began as a Hill Orc Fighter on June 12, 2015.
             Killed by nerve-wracking pain
             ... invoked by an orc priest
              (7 damage)
             ... on level 3 of the Dungeon.
             The game lasted 00:05:24 (1973 turns).

Kisielow the Chopper (Hill Orc Fighter)             Turns: 1973, Time: 00:05:24

Health: -4/40      AC: 11    Str: 19    XL:     4   Next: 74%
Magic:  4/4        EV: 11    Int:  8    God:
Gold:   131        SH:  9    Dex: 15    Spells: 0 memorised, 3 levels left

rFire  + + .     SeeInvis .     a - +0 war axe
rCold  x . .     Clarity  .     k - +0 fire dragon armour
rNeg   . . .     SustAt   .     c - +0 shield
rPois  .         Gourm    .     y - +0 helmet
rElec  .         Spirit   .     B - +0 cloak
rCorr  .         Warding  .     (no gloves)
rMut   .         Stasis   .     (no boots)
MR     .....                    (no amulet)
Stlth  +.........               (no ring)
                                (no ring)

@: agile, very slightly contaminated, hasted, very quick, not resistant to
hostile enchantments, very unstealthy
A: no striking features
a: Convert to Beogh


You were on level 3 of the Dungeon.
You were hungry.

You visited 1 branch of the dungeon, and saw 3 of its levels.

You collected 131 gold pieces.

Inventory:

Hand weapons
 a - a +0 war axe (weapon)
Armour
 c - a +0 shield (worn)
 k - a +0 fire dragon armour (worn)
 y - a +0 helmet (worn)
 B - a +0 cloak (worn)
Scrolls
 f - 2 scrolls of fog {unknown}
 h - a scroll of recharging {unknown}
 l - 2 scrolls of enchant armour {unknown}
 m - a scroll of noise {unknown}
 o - a scroll of blinking {unknown}
 u - 4 scrolls of identify {unknown}
 v - a scroll of remove curse {unknown}
 w - a scroll of fear {unknown}
 A - a scroll of enchant weapon {unknown}
 C - a scroll of teleportation {unknown}
Potions
 d - a potion of might
 g - a potion of cancellation {unknown}
 j - a potion of ambrosia {unknown}
 n - a potion of mutation {unknown}
 p - a potion of agility
 r - a potion of haste
 t - a potion of flight {unknown}
 x - a potion of curing {unknown}
 z - a potion of lignification {unknown}
Comestibles
 b - a slice of pizza
 e - 2 bread rations
 i - 3 chunks of flesh
 q - a beef jerky
 s - 4 meat rations


   Skills:
 + Level 3.9 Fighting
 + Level 5.4 Axes
 + Level 3.7 Armour
 + Level 3.5 Shields


You had 3 spell levels left.
You didn't know any spells.

Dungeon Overview and Level Annotations

Branches:
Dungeon (3/15)

Altars:
Vehumet


Message History

The orc priest shouts, "Beogh is our master!
Accept the truth or die!"
The orc priest is moderately wounded.
The orc priest hits you but does no damage.
The orc priest invokes the aid of Beogh against you.
Pain shoots through your body!
* * * LOW HITPOINT WARNING * * *
You are too injured to fight recklessly!
Drink which item? (? for menu, Esc to quit)
It was a potion of haste.
You feel yourself speed up. You block the orc priest's attack.
The orc priest shouts, "Surrender to Beogh and we'll let you live!"
You block the orc priest's attack.
The orc priest shouts, "Join the one true god or die!"
You are very lightly contaminated with residual magic.
Drink which item? (? for menu, Esc to quit)
It was a potion of agility.
You feel agile all of a sudden.
The orc priest invokes the aid of Beogh against you.
Pain shoots through your body!
You die...

.#.##..#...............##.......#
.#.##.###...####...#########.#..#
.#.#.## ##..# #...# #....(
......###.### #...# ###.##
##.....#.## #...# #.# ..##.##.##
##.## #.## #.......# ####..##
#... ####.#### ####......# ####
#.# #....o@#..# ..# #.##.#o#..#
#### ........# #.##.#..... #
.......## ## ...#.# ...#.. #.###
#.


You could see 2 orc priests.

Vanquished Creatures
  5 adders
  3 worms (D:3)
  3 orcs (D:3)
  A ball python (D:2)
  3 goblins
  5 hobgoblins
  4 jackals (D:2)
  7 kobolds
  A quokka (D:1)
  5 bats
  A giant gecko (D:3)
  6 giant newts
  4 rats
48 creatures vanquished.

Notes
Turn   | Place    | Note
--------------------------------------------------------------
     0 | D:1      | Kisielow the Hill Orc Fighter began the quest for the Orb.
     0 | D:1      | Reached XP level 1. HP: 19/19 MP: 1/1
   464 | D:1      | Reached XP level 2. HP: 26/26 MP: 2/2
   783 | D:2      | Reached skill level 4 in Axes
   813 | D:2      | Reached XP level 3. HP: 31/31 MP: 3/3
  1029 | D:2      | Reached skill level 5 in Axes
  1252 | D:2      | Found a faded altar to an unknown god.
  1445 | D:2      | Reached XP level 4. HP: 36/40 MP: 4/4
  1597 | D:3      | Found a radiant altar of Vehumet.
  1973 | D:3      | Killed from afar by an orc priest

Vault maps used:
D:1:      dpeg_arrival_stone_temple_mockup, minmay_distorted
D:2:      ecumenical_altar_2, first_bread
D:3:      nicolae_overflow_hidden_temple, fiery_altar_vehumet, st_stairs_1,
          uniq_crazy_yiuf_cottage

Action                   |  1- 3 |  4- 6 || total
-------------------------+-------+-------++-------
Melee: War axe           |   131 |    63 ||   194
  Use: Potion            |       |     2 ||     2
  Eat: Chunk             |     1 |     2 ||     3
